 Dungeon Crawl Stone Soup version 0.27.0-1-g7a089689b8 (webtiles) character file.

Game seed: 3450080198738807948

131 SkeletonJelly the Slasher (level 4, 0/38 HPs)
             Began as a Draconian Monk on Aug 11, 2021.
             Was a Priest of Zin.
             Slain by a bullfrog (1 damage)
             ... in a sewer.
             The game lasted 00:04:36 (2976 turns).

SkeletonJelly the Slasher (Draconian Monk)          Turns: 2976, Time: 00:04:37

Health: 0/38       AC:  5    Str: 13    XL:     4   Next: 91%
Magic:  13/13      EV:  9    Int: 10    God:    Zin [***...]
Gold:   98         SH:  0    Dex: 15    Spells: 3/3 levels left

rFire    . . .     SeeInvis .   a - +0 falchion
rCold    . . .     Faith    .   (no shield)
rNeg     . . .     Spirit   .   (armour unavailable)
rPois    .         Reflect  .   (helmet restricted)
rElec    .         Harm     .   (no cloak)
rCorr    .         Rampage  .   (no gloves)
Will     .....                  (no boots)
Stlth    ++........             (no amulet)
HPRegen  0.12/turn              e - ring of magical power
MPRegen  0.13/turn              (no ring)

@: constricted
A: AC +5, unfitting armour, cold-blooded
a: Renounce Religion, Recite, Vitalisation, Imprison, Donate Gold


You were in a sewer.
You worshipped Zin.
Zin was most pleased with you.
You visited 1 branch of the dungeon, and saw 3 of its levels.
You also visited: Sewer.

You collected 108 gold pieces.
You donated 10 gold pieces to Zin.

Inventory:

Hand Weapons
 a - a +0 falchion (weapon)
Jewellery
 e - a ring of magical power (left hand)
Scrolls
 b - 2 scrolls of enchant armour
 c - a scroll of identify
 g - a scroll of noise {unknown}
 h - a scroll of teleportation {unknown}
Potions
 d - a potion of haste
 f - a potion of attraction {unknown}


   Skills:
 - Level 3.2 Fighting
 + Level 5.7 Long Blades
 - Level 2.6 Dodging
 - Level 1.7 Stealth


You had 3 spell levels left.
You didn't know any spells.
Your spell library contained the following spells:

 Spells                   Type           Power      Damage    Failure   Level
 Corona                   Hex            0%         N/A       36%         1
 Ensorcelled Hibernation  Hex/Ice        0%         N/A       50%         2
 Tukima's Dance           Hex            0%         N/A       75%         3


Dungeon Overview and Level Annotations

Branches:
Dungeon (3/15)              Sewer (1/1)

Altars:
Zin


Innate Abilities, Weirdness & Mutations

Your plain brown scales are hard. (AC +5)
You cannot fit into any form of body armour.
You are cold-blooded and may be slowed by cold attacks.


Message History

You are too injured to fight recklessly!
You are too injured to fight recklessly!
You are too injured to fight recklessly!
You are too injured to fight recklessly!
You are too injured to fight recklessly!
You are too injured to fight recklessly!
You are too injured to fight recklessly!
You are too injured to fight recklessly!
You are too injured to fight recklessly!
You are too injured to fight recklessly!
You are too injured to fight recklessly!
You are too injured to fight recklessly!
You are too injured to fight recklessly!
You are too injured to fight recklessly!
You are too injured to fight recklessly!
You are too injured to fight recklessly!
You are too injured to fight recklessly!
You are too injured to fight recklessly!
You are too injured to fight recklessly!
You are too injured to fight recklessly!
You are too injured to fight recklessly!
You are too injured to fight recklessly!
You are too injured to fight recklessly!
You are too injured to fight recklessly!
You are too injured to fight recklessly!
You are too injured to fight recklessly!
You are too injured to fight recklessly!
You are too injured to fight recklessly!
You are too injured to fight recklessly!
You are too injured to fight recklessly!
You are too injured to fight recklessly!
You are too injured to fight recklessly!
You are too injured to fight recklessly!
You are too injured to fight recklessly!
You are too injured to fight recklessly!
You are too injured to fight recklessly!
You are too injured to fight recklessly!
You are too injured to fight recklessly!
You are too injured to fight recklessly!
You are too injured to fight recklessly!
You are too injured to fight recklessly!
You are too injured to fight recklessly!
You are too injured to fight recklessly!
You are too injured to fight recklessly!
You are too injured to fight recklessly!
You are too injured to fight recklessly!
You are too injured to fight recklessly!
You are too injured to fight recklessly!
You are too injured to fight recklessly!
You are too injured to fight recklessly!
You are too injured to fight recklessly!
You are too injured to fight recklessly!
You are too injured to fight recklessly!
You are too injured to fight recklessly!
You are too injured to fight recklessly!
You are too injured to fight recklessly!
You are too injured to fight recklessly!
You are too injured to fight recklessly!
You are too injured to fight recklessly!
You are too injured to fight recklessly!
You are too injured to fight recklessly!
You are too injured to fight recklessly!
You are too injured to fight recklessly!
You are too injured to fight recklessly!
You are too injured to fight recklessly!
You are too injured to fight recklessly!
You are too injured to fight recklessly!
You are too injured to fight recklessly!
You are too injured to fight recklessly!
You are too injured to fight recklessly!
You are too injured to fight recklessly!
You are too injured to fight recklessly!
You are too injured to fight recklessly!
You are too injured to fight recklessly!
You are too injured to fight recklessly!
You are too injured to fight recklessly!
You escape the ball python's grasp.
The bullfrog hits you but does no damage.
The bullfrog barely misses you.
You riposte.
You hit the bullfrog. You tail-slap the bullfrog.
The bullfrog is severely wounded.
The ball python completely misses you. The ball python barely misses you.
The bullfrog hits you but does no damage.
The frilled lizard unfolds its giant frill.
The bullfrog hits you.
* * * LOW HITPOINT WARNING * * *
The endoplasm barely misses you.
You riposte.
You hit the endoplasm.
You kill the endoplasm!
The bullfrog closely misses you. The ball python barely misses you. x2
The bullfrog hits you.
* * * LOW HITPOINT WARNING * * *
The bullfrog hits you.
* * * LOW HITPOINT WARNING * * *
You hit the bullfrog.
The bullfrog is severely wounded.
The ball python bites you but does no damage.
The ball python grabs you.
* * * LOW HITPOINT WARNING * * *
The ball python constricts you. The bullfrog hits you.
You die...

.≈#≈.## ##≈.#≈≈≈#≈.#
≈##≈≈#≈≈.≈≈≈≈#.≈###≈#≈≈#
≈#≈≈##≈≈.≈..≈##††≈#≈#.≈#
†#≈≈#≈≈≈..≈≈≈≈#≈≈∩#≈#≈≈#
≈#.†#≈≈≈.≈...≈#≈.≈#.#≈≈#
.#≈≈#≈≈≈?.≈≈≈≈#≈≈##≈#≈≈#
≈#≈.#≈..$?≈≈≈.#≈≈#≈≈#≈≈#
≈#†≈#≈≈..)[≈≈J#.≈#.≈#†≈#
.#≈≈##≈≈..≈.≈##F@#.≈..≈#
.##..#≈≈≈.≈≈J≈lS.#†≈≈≈≈#
≈≈#≈≈##≈≈≈≈≈.≈S###≈.≈≈≈#
≈≈#≈..##≈.≈≈≈###≈#######
≈≈##≈≈.#######≈.≈≈≈#
≈≈≈#.≈≈≈≈≈≈.≈≈≈÷÷≈≈#
#.≈##≈≈≈≈≈.≈≈≈##≈≈##
#≈≈≈##.≈≈.≈≈≈##≈≈##
#≈.≈≈###≈≈≈###.≈.#


You could see a bullfrog, an endoplasm, 2 ball pythons and a frilled lizard.

Vanquished Creatures
  2 adders (Sewer)
  A river rat (D:3)
  2 worms
  A dart slug (D:1)
  An orc (D:2)
  11 ball pythons
  10 endoplasms
  14 giant cockroaches
  4 goblins
  2 hobgoblins (D:2)
  7 jackals (D:2)
  12 quokkas
  2 bats (D:1)
  10 frilled lizards
  2 kobolds
  3 rats (D:3)
84 creatures vanquished.

Vanquished Creatures (others)
  A plant (D:1)
1 creature vanquished.

Grand Total: 85 creatures vanquished

Notes
Turn   | Place    | Note
-------+----------+-------------------------------------------
     0 | D:1      | SkeletonJelly the Draconian Monk began the quest for the
                  | Orb.
     0 | D:1      | Reached XP level 1. HP: 19/19 MP: 1/1
    91 | D:1      | Found a faded altar of an unknown god.
   191 | D:1      | Became a worshipper of Zin the Law-Giver
   191 | D:1      | Reached * piety under Zin
   191 | D:1      | Reached ** piety under Zin
   704 | D:1      | Reached XP level 2. HP: 15/26 MP: 2/2
  1124 | D:2      | Reached skill level 4 in Long Blades
  1150 | D:2      | Reached XP level 3. HP: 6/31 MP: 3/3
  1397 | D:2      | Reached *** piety under Zin
  1905 | D:3      | Found a glowing drain.
  1910 | Sewer    | Entered a sewer
  1918 | Sewer    | Reached XP level 4. HP: 5/38 MP: 4/4
  2212 | Sewer    | Reached skill level 5 in Long Blades
  2964 | Sewer    | Noticed a bullfrog
  2976 | Sewer    | HP: 1/38 [ball python (1)]
  2976 | Sewer    | Slain by a bullfrog

Illustrated notes

Levels and vault maps discovered:
D:1:      dpeg_arrival_radiant, layout_basic,
          hellmonk_ecumenical_altar_leap_of_faith, serial_forest,
          infiniplex_forest_end_3, infiniplex_forest_end_double,
          infiniplex_forest_clump_medium, infiniplex_forest_clump_small,
          infiniplex_forest_clump_small, infiniplex_forest_straight_4
D:2:      layout_rooms
D:3:      layout_loops_ring, fedhas_altar_1, nicolae_uskayaw_suspiria,
          portal_sewer_entry_e, goddamned_bats, uniq_jessica
Sewer:    sewer_frog_island_02

Skill      XL: |  1  2  3  4 |
---------------+-------------+-----
Long Blades    | 4 5 |  5.7
Fighting       | |  3.2
Dodging        | |  2.6
Stealth        | |  1.7

Action                   |  1- 3 |  4- 6 || total
-------------------------+-------+-------++-------
Melee: Falchion          |   121 |   121 ||   242
       Tailslap          |    18 |    11 ||    29
Invok: Recite            |     4 |       ||     4
       Vitalisation      |     1 |       ||     1
  Use: Scroll            |     3 |       ||     3
 Stab: Sleeping          |     4 |     2 ||     6
Armor: Skin              |    45 |    58 ||   103
Dodge: Dodged            |    94 |   122 ||   216
       Rpst.: Falchion   |    25 |    44 ||    69
